 Dungeon Crawl Stone Soup version 0.30.1-11-g7821555f0a (webtiles) character file.

Game seed: 5692783761907455117

23271 comborobin the Basher (level 13, -30/118 HPs)
             Began as a Hill Orc Delver on Dec 23, 2023.
             Was a Believer of Cheibriados.
             Killed from afar by a fire giant (49 damage)
             ... with a fireball
             ... on level 11 of the Dungeon.
             The game lasted 00:12:47 (11489 turns).

comborobin the Basher (Hill Orc Delver)            Turns: 11489, Time: 00:12:47

Health: -30/118    AC: 18    Str: 31    XL:     13   Next: 5%
Magic:  19/19      EV: 16    Int: 15    God:    Cheibriados [**....]
Gold:   601        SH:  5    Dex: 10    Spells: 12/12 levels left

rFire   . . .        d - +8 mace "Honga" {distort, rC+ SInv}
rCold   + + +        T - +0 buckler
rNeg    . . .        h - quicksilver dragon scales of the Undertaker {Fly rElec rC++ Will+ Dex-5}
rPois   +            A - +0 helmet
rElec   +            (no cloak)
rCorr   .            r - +0 pair of gloves
SInv    +            N - +0 pair of boots
Will    +....        (no amulet)
Stlth   ++           p - +5 ring of evasion
HPRegen 0.39/turn    J - +6 ring of strength
MPRegen 0.16/turn

%: no passive effects
@: attractive, flying, very slow
A: clumsy 1, poison resistance, electricity resistance
a: Renounce Religion, Bend Time


You were on level 11 of the Dungeon.
You worshipped Cheibriados.
Cheibriados was pleased with you.
You visited 2 branches of the dungeon, and saw 12 of its levels.
You also visited: Bailey.

You collected 668 gold pieces.
You spent 67 gold pieces at shops.

Inventory:

Hand Weapons
 a - a +0 hand axe
 b - a +1 rapier of draining
 d - the +8 mace "Honga" (weapon) {distort, rC+ SInv}
   (You found it on level 4 of the Dungeon)

   rC:        It protects you from cold.
   SInv:      It lets you see invisible.
 t - a +0 dire flail
 y - a +1 vampiric war axe
 K - a +3 morningstar
 M - a +3 dire flail
 Y - the +8 trident "Ixowkih" {antimagic, rN+}
   (You found it on level 11 of the Dungeon)

   rN:        It protects you from negative energy.
Missiles
 C - a throwing net (quivered)
Armour
 h - the quicksilver dragon scales of the Undertaker (worn) {Fly rElec rC++ Will+ Dex-5}
   (You took it off a spriggan in a bailey)

   Dex:       It affects your dexterity (-5).
   rC:        It greatly protects you from cold.
   rElec:     It insulates you from electricity.
   Fly:       It grants you flight.
   Will:      It increases your willpower.
 k - a +0 chain mail
 r - a +0 pair of gloves (worn)
 A - a +0 helmet (worn)
 B - a +0 plate armour
 E - +0 acid dragon scales
 I - a +0 robe of the Archmagi
 L - a +0 troll leather armour
 N - a +0 pair of boots (worn)
 O - +0 swamp dragon scales
 T - a +0 buckler (worn)
Jewellery
 p - a +5 ring of evasion (left hand)
 J - a +6 ring of strength (right hand)
 S - a ring of ice
 X - a ring of see invisible
Wands
 g - a wand of digging (7)
 V - a wand of charming (6)
 W - a wand of flame (10)
Scrolls
 c - 4 scrolls of fog
 e - a scroll of fear
 f - a scroll of poison {unknown}
 i - 2 scrolls of blinking
 n - a scroll of amnesia
 o - 5 scrolls of magic mapping
 s - 2 scrolls of vulnerability
 u - 2 scrolls of teleportation
 w - 2 scrolls of torment {unknown}
 x - 2 scrolls of enchant armour {unknown}
 z - 4 scrolls of enchant weapon {unknown}
 F - 3 scrolls of identify
 G - a scroll of immolation {unknown}
 H - a scroll of acquirement {unknown}
 U - a scroll of noise {unknown}
Potions
 j - a potion of attraction
 l - 3 potions of magic
 m - a potion of invisibility
 q - 4 potions of degeneration
 v - 4 potions of cancellation
 D - 4 potions of mutation
 P - a potion of might {unknown}
 Q - a potion of heal wounds
 R - a potion of curing


   Skills:
 - Level 12.0 Fighting
 - Level 2.6(11.7) Axes
 - Level 14.9(15.0) Maces & Flails
 - Level 12.0 Armour
 - Level 1.5 Dodging
 - Level 4.1 Stealth
 - Level 5.0 Shields
 + Level 8.7 Invocations


You had 12 spell levels left.
You didn't know any spells.
Your spell library contained the following spells:

 Spells                   Type           Power      Damage    Failure   Level
 Magic Dart               Conj           0%         1d3       38%         1
 Necrotise                Necr           0%         1d4       38%         1
 Sandblast                Erth           0%         2d4       38%         1
 Call Imp                 Summ           0%         N/A       52%         2
 Passwall                 Tmut/Erth      0%         N/A       52%         2
 Mephitic Cloud           Conj/Pois/Air  0%         N/A       77%         3
 Stone Arrow              Conj/Erth      0%         3d7       77%         3
 Summon Guardian Golem    Hex/Summ       0%         N/A       77%         3
 Vampiric Draining        Necr           0%         2d6       77%         3
 Vhi's Electric Charge    Tloc/Air       0%         N/A       77%         3
 Animate Dead             Necr           0%         N/A       99%         4
 Agony                    Necr           0%         N/A       100%        5
 Arcjolt                  Conj/Air       0%         1d10      100%        5
 Borgnjor's Vile Clutch   Necr/Erth      0%         N/A       100%        5
 Death Channel            Necr           0%         N/A       100%        6
 Plasma Beam              Fire/Air       0%         2x1d11    100%        6
 Malign Gateway           Summ/Tloc      0%         N/A       100%        7
 Orb of Destruction       Conj           0%         9d5       100%        7
 Spellforged Servitor     Conj/Summ      0%         N/A       100%        7
 Summon Horrible Things   Summ           0%         N/A       100%        8


Dungeon Overview and Level Annotations

Branches:
Dungeon (11/15)            Temple (1/1) D:7            Lair (0/5) D:8
    Orc (0/2) D:9          Bailey (visited)

Altars:
Ashenzari
Cheibriados
Dithmenos
Elyvilon
Fedhas
Gozag
Hepliaklqana
Kikubaaqudgha
Makhleb
Nemelex Xobeh
Okawaru
Qazlal
Ru
Sif Muna
Trog
Uskayaw
Vehumet
Wu Jian
Xom
Yredelemnul
Zin
The Shining One

Shops:
D:2 :   D:6 *   D:7 (   D:9 [

Annotations:
Abyss:1 Prince Ribbit


Innate Abilities, Weirdness & Mutations

You are clumsy. (Dex -2)
Your system is resistant to poisons. (rPois)
You are resistant to electric shocks. (rElec)


Message History

You start resting.
HP restored.
A fire giant comes into view.
It is wielding a +1 great sword of flaming.
A fire giant is nearby!
The fire giant shouts!
No target in view!
Okay, then.
Okay, then.
The fire giant gestures at you while chanting.
The bolt of fire misses you.
Okay, then.
Okay, then.
Really quaff the potion of attraction?
You feel attractive to monsters.
The fire giant gestures at you while chanting.
The bolt of fire hits you!! The fire giant is attracted toward you.
The fire giant barely misses you.
There is a stone staircase leading down here.
You sock the fire giant!
Space warps around the fire giant.
The fire giant is lightly wounded.
You block the fire giant's attack.
You sock the fire giant!
Space warps horribly around the fire giant!!
The fire giant is heavily wounded.
You bludgeon the fire giant!!
Space warps around the fire giant.
The fire giant is severely wounded.
The fire giant hits you with a +1 great sword of flaming!!
The fire giant burns you!
You sock the fire giant!
The fire giant is almost dead.
The fire giant hits you with a +1 great sword of flaming!!
* * * LOW HITPOINT WARNING * * *
The fire giant burns you!
* * * LOW HITPOINT WARNING * * *
You sock the fire giant!
The fire giant is almost dead.
The fire giant blinks!
The fire giant gestures at you while chanting.
The fireball explodes!
The fireball engulfs you!!!
You die...

#..#.##........#..
####..#.##...#....#..
.....................
###...#.##......#.#.#
#........)......#.#
#...###.#.##.##.#.#
###...###.#.##.##.#.#
#.......#.#.##.##.#.#
#...@ยง......#..##.#.#
#.#...###^#.#..##.#.#
#..............##.#.#
#...................#
#...#####.........#.#
#...# #.###.###.#.#
#C..#####.###.# #.###
#...##........# ### #
#...#####.###'#######


You could see a fire giant.

Vanquished Creatures
  Fannar (D:10)
  Erolcha (D:9)
  A centaur warrior (D:11)
  3 boulder beetles
  3 two-headed ogres
  A deep troll earth mage (D:11)
  A flayed ghost (D:11)
  2 deep elf pyromancers (D:11)
  A manticore (D:11)
  2 unseen horrors
  Maggie (D:9)
  5 kobold demonologists
  4 trolls
  A hornet (D:9)
  11 spriggans
  3 wyverns
  17 yaks
  A wraith (D:10)
  A vampire mosquito (D:10)
  A steam dragon (D:8)
  2 acid dragons
  4 water moccasins
  An ice beast (D:7)
  6 orc warriors
  3 sky beasts
  8 ogres (Bailey)
  2 centaurs (D:10)
  2 kobold brigands
  2 phantoms
  4 gnoll sergeants
  5 scorpions
  A bullfrog (D:8)
  16 wights
  5 killer bees (D:9)
  A howler monkey (D:6)
  4 jellies
  2 orc priests
  3 hounds (D:5)
  2 sleepcaps (D:4)
  A gnoll bouda (D:7)
  6 iguanas
  9 orc wizards
  2 killer bee zombies (D:7)
  14 gnolls
  7 adders
  2 shadow imps
  3 white imps
  A worm (D:2)
  29 orcs
  5 ball pythons
  2 endoplasms
  8 goblins
  5 hobgoblins
  2 jackals (D:2)
  2 quokkas
  3 training dummies (D:7)
  3 bats
  2 frilled lizards
  17 kobolds
  4 rats
261 creatures vanquished.

Notes
Turn   | Place    | Note
-------+----------+-------------------------------------------
     0 | D:5      | comborobin the Hill Orc Delver began the quest for the Orb.
     0 | D:5      | Reached XP level 1. HP: 19/19 MP: 1/1
     3 | D:6      | Noticed an orc wizard
     3 | D:6      | Noticed a hound
     3 | D:6      | Noticed an iguana
     3 | D:6      | Noticed a sky beast
     4 | D:6      | Noticed an orc priest
     8 | D:5      | Found an opulent altar of Gozag.
    13 | D:5      | Noticed a jelly
    69 | D:4      | Identified the +8 mace "Honga" {distort, rC+ SInv}
    78 | D:4      | Noticed a scorpion
   231 | D:3      | Reached skill level 1 in Maces & Flails
   234 | D:3      | Reached XP level 2. HP: 26/26 MP: 2/2
   267 | D:3      | Reached skill level 2 in Maces & Flails
   309 | D:3      | Noticed a scorpion
   314 | D:3      | Killed a scorpion
   315 | D:3      | Reached skill level 4 in Maces & Flails
   315 | D:3      | Reached XP level 3. HP: 30/31 MP: 3/3
   315 | D:3      | Reached XP level 4. HP: 37/39 MP: 4/4
   764 | D:3      | Noticed a phantom
   772 | D:3      | Killed a phantom
   773 | D:3      | Reached skill level 5 in Maces & Flails
   773 | D:3      | Reached XP level 5. HP: 40/45 MP: 5/5
   921 | D:4      | Reached skill level 6 in Maces & Flails
  1070 | D:4      | Reached XP level 6. HP: 51/51 MP: 6/6
  1391 | D:4      | Noticed a two-headed ogre
  1407 | D:4      | Killed a two-headed ogre
  1408 | D:4      | Reached skill level 9 in Maces & Flails
  1408 | D:4      | Reached XP level 7. HP: 40/57 MP: 7/7
  1408 | D:4      | Reached XP level 8. HP: 45/64 MP: 8/8
  1689 | D:5      | Reached skill level 10 in Maces & Flails
  1888 | D:5      | Reached skill level 11 in Maces & Flails
  1959 | D:5      | Found a glowing silver altar of Zin.
  2242 | D:6      | Found Otwosari's Hallowed Reliquary.
  2246 | D:6      | Noticed an angel
  2277 | D:6      | Reached skill level 12 in Maces & Flails
  2277 | D:6      | Reached XP level 9. HP: 70/70 MP: 9/9
  2454 | D:6      | Found a bloodstained altar of Trog.
  3098 | D:7      | Reached skill level 13 in Maces & Flails
  3155 | D:7      | Found a basalt altar of Yredelemnul.
  3555 | D:7      | Found a staircase to the Ecumenical Temple.
  3567 | D:7      | Reached skill level 1 in Armour
  3637 | D:7      | Found Haghufig's Firing Range.
  3697 | Temple   | Entered the Ecumenical Temple
  4092 | D:2      | Found Vint's Book Shop.
  4692 | D:8      | Found a staircase to the Lair.
  4707 | D:7      | Reached skill level 5 in Fighting
  4831 | D:7      | Reached XP level 10. HP: 65/83 MP: 10/10
  5158 | D:7      | Reached skill level 5 in Armour
  6111 | D:9      | Found a flagged portal.
  6127 | D:9      | Paralysed by a hornet for 2 turns
  6425 | Bailey   | Entered a bailey
  6525 | Bailey   | Gained mutation: Your muscles are strong. (Str +4, Int/Dex
                  | -1) [potion of mutation]
  6525 | Bailey   | Lost mutation: Your muscles are strong. (Str +4, Int/Dex
                  | -1) [potion of mutation]
  6525 | Bailey   | Gained mutation: Your spells are a little harder to cast,
                  | but a little more powerful. [potion of mutation]
  6526 | Bailey   | Lost mutation: Your spells are a little harder to cast, but
                  | a little more powerful. [potion of mutation]
  6526 | Bailey   | Gained mutation: You are clumsy. (Dex -2) [potion of
                  | mutation]
  6526 | Bailey   | Gained mutation: You are resistant to electric shocks.
                  | (rElec) [potion of mutation]
  6526 | Bailey   | Gained mutation: Your system is resistant to poisons.
                  | (rPois) [potion of mutation]
  6553 | Bailey   | Reached XP level 11. HP: 58/97 MP: 11/11
  6660 | Bailey   | Reached skill level 10 in Fighting
  7026 | Bailey   | Noticed a two-headed ogre
  7033 | Bailey   | Killed a two-headed ogre
  7078 | Bailey   | Identified the quicksilver dragon scales of the Undertaker
                  | {Fly rElec rC++ Will+ Dex-5}
  7444 | D:9      | Reached skill level 10 in Armour
  7454 | D:9      | Reached skill level 1 in Invocations
  7463 | D:10     | Entered Level 10 of the Dungeon
  7670 | D:9      | Reached skill level 14 in Maces & Flails
  7726 | D:9      | Found a staircase to the Orcish Mines.
  7728 | D:9      | Found Zeepres's Armour Boutique.
  7740 | D:9      | Bought a +0 pair of boots for 67 gold pieces
  7751 | D:9      | Noticed Maggie
  7766 | D:9      | Killed Maggie
  8018 | D:9      | Noticed Prince Ribbit
  8022 | D:9      | Banished Prince Ribbit
  8120 | D:9      | Found a sparkling altar of Nemelex Xobeh.
  8120 | D:9      | Found a radiant altar of Vehumet.
  8122 | D:9      | Found a burning altar of Makhleb.
  8122 | D:9      | Found a hide-covered altar of Uskayaw.
  8122 | D:9      | Found a shimmering altar of Xom.
  8122 | D:9      | Found a shadowy altar of Dithmenos.
  8124 | D:9      | Found a snail-covered altar of Cheibriados.
  8124 | D:9      | Found a hazy altar of Hepliaklqana.
  8124 | D:9      | Found an iron altar of Okawaru.
  8146 | D:9      | Became a worshipper of Cheibriados the Contemplative
  8177 | D:9      | Noticed Erolcha
  8188 | D:9      | Killed Erolcha
  8257 | D:9      | Found a white marble altar of Elyvilon.
  8513 | D:10     | Noticed a boulder beetle
  8805 | D:9      | Reached XP level 12. HP: 70/108 MP: 15/15
  8807 | D:9      | Killed a boulder beetle
  8943 | D:10     | Noticed a two-headed ogre
  8948 | D:10     | Killed a two-headed ogre
  8948 | D:10     | Reached * piety under Cheibriados
  8949 | D:10     | Reached skill level 5 in Invocations
  9087 | D:10     | Noticed Fannar
  9103 | D:10     | Killed Fannar
  9585 | D:10     | Reached skill level 1 in Shields
  9596 | D:10     | Reached ** piety under Cheibriados
  9809 | D:10     | Noticed a boulder beetle
  9818 | D:10     | Killed a boulder beetle
 10257 | D:11     | Noticed a boulder beetle
 10270 | D:11     | Killed a boulder beetle
 10393 | D:11     | Noticed a centaur warrior
 10613 | D:11     | Noticed an ettin
 10659 | D:11     | Banished a centaur warrior
 10806 | D:11     | Noticed a deep troll earth mage
 10816 | D:11     | Killed a deep troll earth mage
 11026 | D:11     | Identified the +8 trident "Ixowkih" {antimagic, rN+}
 11111 | D:11     | Identified the staff of conjuration "Vihebau" {rPois rF+
                  | Dex+2}
 11168 | D:11     | Noticed a centaur warrior
 11218 | D:11     | Reached XP level 13. HP: 38/118 MP: 19/19
 11225 | D:11     | Reached skill level 5 in Shields
 11480 | D:11     | Noticed a fire giant
 11489 | D:11     | Killed from afar by a fire giant

Illustrated notes

Levels and vault maps discovered:
D:1:      dpeg_arrival_simpleton_b, layout_basic, hangedman_feature_mirror
D:2:      layout_rooms, serial_shops, nicolae_shop_hallway_stairs
D:3:      layout_basic
D:4:      kennysheep_spiral_hall, layout_cave_pools
D:5:      layout_rooms, kennysheep_little_box, grunt_gozag_statues,
          minmay_misc_feat_square
D:6:      layout_gridville, kennysheep_mini, nicolae_good_shop
D:7:      layout_basic, lemuel_zombie_altar_yredelemnul,
          minmay_temple_entry_trees, nicolae_shop_firing_range
D:8:      layout_gridville, minmay_lair_entry_grove,
          amcnicky_mini_corridor_feature
D:9:      layout_basic, lemuel_tele_altar, nicolae_overflows_in_rows,
          orc_david_3, enter_bailey_2, minmay_statues_item,
          minmay_misc_feat_tiny, st_stairs_2, uniq_erolcha, uniq_prince_ribbit1,
          uniq_maggie
D:10:     kb_forest_paths, layout_basic, uniq_fannar
D:11:     minmay_box_of_curves, layout_basic
Temple:   hellmonk_temple_micro_hex

Skill      XL: |  1  2  3  4  5  6  7  8  9 10 11 12 13 |
---------------+----------------------------------------+-----
Maces & Flails | 1 4 5 6 9 12 13 14 | 14.9
Fighting       | 5 9 10 12 | 12.0
Armour         | 3 7 10 12 | 12.0
Invocations    | 4 8 |  8.7
Shields        | 4 5 |  5.0
Axes           | |  2.6
Dodging        | |  1.5
Stealth        | |  4.1

Action                     |  1- 3 |  4- 6 |  7- 9 | 10-12 | 13-15 || total
---------------------------+-------+-------+-------+-------+-------++-------
  Melee: Mace              |    15 |    48 |   219 |   518 |     9 ||   809
         Punch             |       |     1 |     2 |     5 |       ||     8
  Throw: Throwing net      |       |       |       |     1 |       ||     1
  Evoke: Wand              |       |       |     2 |     6 |       ||     8
    Use: Scroll            |     1 |       |       |    17 |       ||    18
         Potion            |       |     1 |       |    13 |     1 ||    15
   Stab: Invisible         |       |       |       |     1 |       ||     1
 Armour: Leather armour    |     5 |       |       |       |       ||     5
         Chain mail        |     4 |    21 |    40 |       |       ||    65
         Plate armour      |       |       |    20 |    70 |       ||    90
         Quicksilver drago |       |       |       |   154 |     2 ||   156
  Dodge: Dodged            |     5 |    20 |    99 |   298 |     9 ||   431
  Block: Buckler           |       |       |       |    22 |     2 ||    24
